 Dungeon Crawl Stone Soup version 0.28.0-53-g5a82cb258f (webtiles) character file.

Game seed: 11357075344096462294

2289 Peloso the Carver (level 9, -4/69 (78) HPs)
             Began as a Minotaur Fighter on July 24, 2022.
             Was a Believer of Okawaru.
             Slain by Harold
             ... wielding a +4 dire flail of draining
              (23 damage)
             ... on level 6 of the Dungeon.
             The game lasted 00:14:28 (7573 turns).

Peloso the Carver (Minotaur Fighter)                Turns: 7573, Time: 00:14:29

HP:   -4/69 (78)    AC: 12    Str: 23    XL:     9   Next: 17%
MP:   8/8           EV:  7    Int:  5    God:    Okawaru [**....]
Gold: 377           SH: 10    Dex: 12    Spells: 8/8 levels left

rFire   + . .      SeeInvis .   a - +0 long sword
rCold   + . .      Faith    .   d - +0 kite shield
rNeg    + . .      Spirit   .   m - +0 chain mail
rPois   .          Reflect  .   (helmet restricted)
rElec   .          Harm     .   f - scarf {rC+ rF+}
rCorr   .          Rampage  .   l - +0 pair of gloves
Will    .....                   (no boots)
Stlth   ..........              (no amulet)
HPRegen 0.21/turn               u - ring of positive energy
MPRegen 0.11/turn               (no ring)

@: mighty, marked, heavily drained
A: horns 2, retaliatory headbutt
a: Renounce Religion, Heroism


You were on level 6 of the Dungeon.
You worshipped Okawaru.
Okawaru was pleased with you.
You visited 2 branches of the dungeon, and saw 8 of its levels.
You also visited: Sewer and Ossuary.

You collected 416 gold pieces.
You spent 39 gold pieces at shops.

Inventory:

Hand Weapons
 a - a +0 long sword (weapon)
 b - a +1 whip of flaming
Armour
 c - a +0 buckler
 d - a +0 kite shield (worn)
 f - a scarf of resistance (worn)
 l - a +0 pair of gloves (worn)
 m - a +0 chain mail (worn)
 B - a +2 pair of boots
Jewellery
 i - a ring of fire
 u - a ring of positive energy (left hand)
Wands
 y - a wand of flame (8)
Scrolls
 g - a scroll of enchant weapon {unknown}
 p - a scroll of vulnerability {unknown}
 q - 5 scrolls of teleportation
 w - a scroll of enchant armour {unknown}
 x - 2 scrolls of torment {unknown}
 z - 2 scrolls of amnesia {unknown}
 A - 3 scrolls of identify
 C - 3 scrolls of blinking {unknown}
Potions
 e - 3 potions of curing
 h - 2 potions of cancellation
 j - 4 potions of heal wounds
 k - 2 potions of might
 n - 2 potions of brilliance
 o - a potion of magic
 r - 2 potions of mutation {unknown}
 s - 2 potions of haste {unknown}
 t - 2 potions of flight {unknown}
 v - 2 potions of degeneration {unknown}


   Skills:
 + Level 6.4 Fighting
 + Level 9.8 Long Blades
 + Level 8.0 Armour
 + Level 2.1 Dodging
 + Level 1.1 Stealth
 + Level 6.9 Shields


You had 8 spell levels left.
You didn't know any spells.
Your spell library contained the following spells:

 Spells                   Type           Power      Damage    Failure   Level
 Beastly Appendage        Tmut           0%         N/A       100%        1
 Foxfire                  Conj/Fire      0%         2x1d4     100%        1
 Wereblood                Tmut           0%         N/A       100%        2
 Conjure Flame            Conj/Fire      0%         6-21      100%        3
 Inner Flame              Hex/Fire       0%         N/A       100%        3
 Spider Form              Tmut/Pois      0%         N/A       100%        3
 Flame Wave               Conj/Fire      0%         2d4       100%        4
 Chain Lightning          Conj/Air       0%         N/A       100%        9
 Fire Storm               Conj/Fire      0%         5d1       100%        9
 Shatter                  Erth           0%         3d5*      100%        9


Dungeon Overview and Level Annotations

Branches:
Dungeon (7/15)             Temple (1/1) D:5           Sewer (visited)
Ossuary (visited)

Altars:
Ashenzari
Cheibriados
Fedhas
Makhleb
Nemelex Xobeh
Okawaru
Qazlal
Sif Muna
Trog
Uskayaw
Xom
Zin
The Shining One

Shops:
D:6 *

Annotations:
D:2 1 runed translucent door, Crazy Yiuf
D:6 1 runed translucent door, Harold; toph's ghost, novice MfIE


Innate Abilities, Weirdness & Mutations

You have a pair of horns on your head.
You reflexively headbutt those who attack you in melee.


Message History

Unknown command.
Harold closely misses you. You furiously retaliate!
You headbutt Harold, but do no damage. Harold fires a harpoon shot at you.
The harpoon shot hits you.
You are yanked forward by the harpoon shot.
Harold says, "I was hoping my final job would be more of a challenge, but money is money."
There is a stone staircase leading up here.
You block Harold's attack.
You climb upwards.
Level annotation: 1 runed translucent door, toph's ghost, novice MfIE
There is a stone staircase leading down here.
You feel very mighty all of a sudden. You block Harold's attack.
You hit Harold.
Harold is moderately wounded.
You block Harold's attack.
You slash Harold!
Harold is heavily wounded.
Harold hits you with a +4 dire flail of draining!!
* * * LOW HITPOINT WARNING * * *
You partially resist.
You feel drained.
* * * LOW HITPOINT WARNING * * *
You fail to use your ability.
Harold casts a spell at you. The mark upon you grows brighter.
You feel much better.
Harold hits you with a +4 dire flail of draining!
You partially resist.
You feel drained.
* * * LOW HITPOINT WARNING * * *
Unknown command.
You barely miss Harold.
Harold is moderately wounded.
Harold hits you with a +4 dire flail of draining.
* * * LOW HITPOINT WARNING * * *
You partially resist.
You feel drained.
You hit Harold. You headbutt Harold, but do no damage.
Harold is heavily wounded.
Harold hits you with a +4 dire flail of draining!!
You die...

###### ####### #....#
#.....# #....# #.###.#
#....### ###### #.#
#.#####......# §§#...
#.###.##.........# §§+...
#.#....#..##'#...# §W#...
#.#.#..#@@.......#####...
#...#....................
######......#............
####....#............
#.......##...........
#.##....##...........
#.#####.##...........
##.## #.##...........
#...# #.##...........


You could see Harold.

Vanquished Creatures
  Pikel (D:4)
  Sigmund (D:4)
  A water moccasin (D:6)
  An ice beast (D:5)
  A hornet zombie (D:6)
  2 sky beasts (D:6)
  An ogre (D:5)
  A centaur (D:6)
  A lemure (D:5)
  A phantom (D:6)
  A bullfrog (D:6)
  2 scorpions
  A howler monkey (D:5)
  A centaur zombie (D:5)
  A bullfrog zombie (D:5)
  A hound (D:5)
  A centaur skeleton (D:6)
  4 jellies
  A bullfrog skeleton (D:6)
  4 iguanas
  Terence (D:3)
  An orc wizard (D:5)
  3 mummies (Ossuary)
  3 gnolls (D:2)
  8 adders
  3 river rats (Sewer)
  A white imp (D:4)
  3 adder zombies (Ossuary)
  4 worms
  2 dart slugs
  6 orcs
  4 bats
  11 endoplasms
  9 giant cockroaches
  8 goblins
  19 hobgoblins
  7 jackals
  6 kobolds
  3 quokkas (D:4)
  5 ball pythons
  6 frilled lizards
  4 goblin zombies (Ossuary)
  A hobgoblin zombie (Ossuary)
  3 kobold zombies (Ossuary)
  An orc zombie (D:4)
  2 quokka zombies (Ossuary)
  5 rats
  5 rat zombies (Ossuary)
162 creatures vanquished.

Vanquished Creatures (others)
  3 plants (D:2)
3 creatures vanquished.

Grand Total: 165 creatures vanquished

Notes
Turn   | Place    | Note
-------+----------+-------------------------------------------
     0 | D:1      | Peloso the Minotaur Fighter began the quest for the Orb.
     0 | D:1      | Reached XP level 1. HP: 19/19 MP: 0/0
   250 | D:1      | Reached XP level 2. HP: 21/27 MP: 1/1
   946 | D:2      | Reached XP level 3. HP: 25/33 MP: 2/2
  1112 | D:2      | Reached skill level 3 in Long Blades
  1339 | D:2      | Reached XP level 4. HP: 25/40 MP: 3/3
  1591 | D:2      | Reached skill level 4 in Long Blades
  1852 | D:2      | Found a runed translucent door.
  1853 | D:2      | Noticed Crazy Yiuf
  2328 | D:3      | Found a glowing drain.
  2347 | Sewer    | Entered a sewer
  2530 | Sewer    | Reached XP level 5. HP: 40/47 MP: 4/4
  2729 | Sewer    | Reached skill level 5 in Long Blades
  2808 | Sewer    | Found a viscous altar of Jiyva.
  2831 | Sewer    | Reached XP level 6. HP: 39/53 MP: 5/5
  2977 | D:3      | Found a shimmering blue altar of Sif Muna.
  2978 | D:3      | Found a snail-covered altar of Cheibriados.
  2979 | D:3      | Found a stormy altar of Qazlal.
  2980 | D:3      | Found a glowing silver altar of Zin.
  3174 | D:3      | You fall into a shaft and drop 2 floors!
  3174 | D:5      | Entered Level 5 of the Dungeon
  3242 | D:4      | Reached skill level 5 in Armour
  3259 | D:4      | HP: 1/53 [quokka (3)]
  3260 | D:4      | Reached skill level 1 in Dodging
  3324 | D:4      | Found a sand-covered staircase.
  3334 | Ossuary  | Entered an ossuary
  3649 | Ossuary  | Reached skill level 6 in Long Blades
  3902 | D:3      | Noticed Terence
  3908 | D:3      | Killed Terence
  4447 | D:4      | Found a blossoming altar of Fedhas.
  4872 | D:5      | Noticed an ice beast
  4888 | D:5      | Killed an ice beast
  4889 | D:5      | Reached skill level 5 in Fighting
  4889 | D:5      | Reached skill level 5 in Shields
  4889 | D:5      | Reached XP level 7. HP: 57/61 MP: 6/6
  4915 | D:5      | Noticed Sigmund
  5384 | D:4      | Killed Sigmund
  5385 | D:4      | Reached skill level 7 in Long Blades
  5653 | D:5      | Found a staircase to the Ecumenical Temple.
  5666 | Temple   | Entered the Ecumenical Temple
  5757 | Temple   | Became a worshipper of Warmaster Okawaru
  5857 | D:5      | Reached XP level 8. HP: 63/69 MP: 7/7
  6077 | D:5      | Noticed Pikel
  6103 | D:4      | Killed Pikel
  6103 | D:4      | Reached * piety under Okawaru
  6104 | D:4      | Reached skill level 8 in Long Blades
  6104 | D:4      | Reached skill level 1 in Stealth
  6593 | D:5      | Found a hide-covered altar of Uskayaw.
  6643 | D:6      | Reached skill level 9 in Long Blades
  6686 | D:6      | Reached ** piety under Okawaru
  6699 | D:6      | Reached XP level 9. HP: 50/75 MP: 8/8
  7174 | D:6      | Found a runed translucent door.
  7258 | D:6      | Found Ikko's General Store.
  7261 | D:6      | Bought a scroll of teleportation for 39 gold pieces
  7350 | D:6      | Noticed toph's ghost (novice MfIE)
  7548 | D:7      | Noticed Harold
  7573 | D:6      | Slain by Harold

Illustrated notes

Levels and vault maps discovered:
D:1:      dpeg_arrival_renting, layout_basic
D:2:      minmay_skewed_foursquare, layout_loops_ring, serial_bayou,
          serial_bayou_crossing, serial_bayou_shore_b, serial_bayou_pond_a,
          serial_bayou_lagoon_b, minmay_pentomino_t2, uniq_crazy_yiuf_cottage
D:3:      layout_basic, chequers_temple_overflow_statue_of_worship,
          cheibrodos_sewer_entry_bend, ebering_dispersal_statue_hall, hex_large,
          uniq_terence
D:4:      layout_gridville, fedhas_altar_2, enter_ossuary_3
D:5:      layout_rooms, lemuel_coloured_pillars_altar,
          minmay_temple_entry_stoned_glass, sigmund_army, uniq_pikel
D:6:      layout_basic, serial_shops, nicolae_shop_window_shopping,
          ebering_ghost_inner_flame, uniq_sigmund
D:7:      layout_basic, serial_shops, kennysheep_mini_moat, uniq_harold,
          uniq_maggie, uniq_menkaure
Temple:   eino_temple_scatter_basement

Skill      XL: |  1  2  3  4  5  6  7  8  9 |
---------------+----------------------------+-----
Armour         | 4 5 6 7 8 |  8.0
Fighting       | 4 5 6 |  6.4
Shields        | 4 5 6 |  6.9
Long Blades    | 3 4 5 6 7 9 |  9.8
Dodging        | 1 2 |  2.1
Stealth        | 1 |  1.1

Action                   |  1- 3 |  4- 6 |  7- 9 || total
-------------------------+-------+-------+-------++-------
Melee: Long sword        |    75 |   224 |   178 ||   477
       Headbutt          |     8 |    33 |    39 ||    80
Evoke: Wand              |       |       |     3 ||     3
  Use: Scroll            |       |     6 |       ||     6
       Potion            |       |     1 |     2 ||     3
Armor: Scale mail        |    33 |    20 |       ||    53
       Chain mail        |       |    69 |    70 ||   139
Dodge: Dodged            |    43 |    61 |    48 ||   152
Block: Buckler           |    24 |       |       ||    24
       Kite shield       |     1 |   121 |   102 ||   224
